 Dungeon Crawl Stone Soup version 0.29-a0-275-g389c0b56f3 (webtiles) character file.

Game seed: 14458921356049109784

2 Murumi the Skirmisher (level 1, -1/23 HPs)
             Began as an Ogre Gladiator on Mar 11, 2022.
             Succumbed to Robin's poison
             ... on level 2 of the Dungeon.
             The game lasted 00:00:49 (106 turns).

Murumi the Skirmisher (Ogre Gladiator)               Turns: 106, Time: 00:00:50

Health: -1/23      AC:  4    Str: 17    XL:     1   Next: 30%
Magic:  1/1        EV: 10    Int:  9    God:
Gold:   17         SH:  0    Dex: 10    Spells: 0/0 levels left

rFire   . . .      SeeInvis .   a - +0 flail
rCold   . . .      Faith    .   (no shield)
rNeg    . . .      Spirit   .   b - +0 robe
rPois   .          Reflect  .   c - +0 hat
rElec   .          Harm     .   h - +0 cloak
rCorr   .          Rampage  .   (gloves unavailable)
Will    .....                   (boots unavailable)
Stlth   +.........              (no amulet)
HPRegen 0.07/turn               (no ring)
MPRegen 0.07/turn               (no ring)

@: lethally poisoned (-1 -> -11)
A: large, unfitting armour, tough skin 1
a: no special abilities


You were on level 2 of the Dungeon.
You visited 1 branch of the dungeon, and saw 2 of its levels.

You collected 17 gold pieces.

Inventory:

Hand Weapons
 a - a +0 flail (weapon)
Missiles
 d - 3 throwing nets
 e - a large rock
 f - 63 stones (quivered)
 g - 6 poisoned darts
Armour
 b - a +0 robe (worn)
 c - a +0 hat (worn)
 h - a +0 cloak (worn)


   Skills:
 - Level 3.0 Fighting
 + Level 2.7 Maces & Flails
 - Level 2.0 Throwing
 - Level 2.6 Dodging


You couldn't memorise any spells.
You didn't know any spells.
Your spell library was empty.

Dungeon Overview and Level Annotations

Branches:
Dungeon (2/15)

Altars:

Annotations:
D:2 Robin


Innate Abilities, Weirdness & Mutations

You are too large for most types of armour.
You have tough skin. (AC +1)


Message History

You aren't carrying any scrolls.
You aren't carrying any potions. 2 goblins come into view.
The goblin shouts! x2
Robin roars a battlecry!
The goblins go into a battle-frenzy!
The goblin shouts!
Robin throws the goblin at you! The goblin hits you but does no damage.
The goblin hits you with a +0 dagger. The goblin attacks as you move away!
The goblin barely misses you.
Robin roars a battlecry!
The goblin goes into a battle-frenzy!
The hobgoblin hits you but does no damage.
The goblin barely misses you. The goblin closely misses you.
The goblin attacks as you move away! The goblin hits you but does no damage.
The goblin attacks as you move away! The goblin hits you with a +0 dagger.
The goblin closely misses you. The goblin attacks as you move away!
The goblin hits you with a +0 dagger. The kobold barely misses you.
The goblin attacks as you move away! The goblin closely misses you.
The kobold attacks as you move away! The kobold closely misses you.
Found a stone staircase leading up.
Robin barely misses you. The goblin hits you with a +0 club.
You see here a scroll labelled NEOWAR IVUYDENN.
The hobgoblin attacks as you move away! The hobgoblin completely misses you.
The goblin attacks as you move away! The goblin hits you with a +0 dagger.
The goblin shoots a sling bullet.
The sling bullet hits you but does no damage.
Robin throws the goblin at you! The goblin closely misses you.
The kobold attacks as you move away! The kobold hits you but does no damage.
Robin attacks as you move away!
Robin hits you with a +4 trident of venom!
* * * LOW HITPOINT WARNING * * *
You are lethally poisoned!
* * * LOW HITPOINT WARNING * * *
You feel very sick. Robin barely misses you.
The goblin attacks as you move away! The goblin barely misses you.
The kobold attacks as you move away! The kobold misses you.
You die...

###
###########+#....
#......g.@...###
#......g.....<...
#....g.Kg....####
#....gggg....#
#...ggggg....+
#............#
#......$.....#
#....w.......#
#............#


You could see a worm, Robin, a hobgoblin (strong), 11 goblins and a kobold.

Vanquished Creatures
  An endoplasm (D:1)
  A rat (D:1)
2 creatures vanquished.

Notes
Turn   | Place    | Note
-------+----------+-------------------------------------------
     0 | D:1      | Murumi the Ogre Gladiator began the quest for the Orb.
     0 | D:1      | Reached XP level 1. HP: 22/22 MP: 1/1
    46 | D:1      | Reached skill level 3 in Fighting
    94 | D:1      | You fall into a shaft and drop 1 floor!
    96 | D:2      | Noticed Robin
   106 | D:2      | Succumbed to Robin's poison

Illustrated notes

Levels and vault maps discovered:
D:1:      dpeg_arrival_water_temple_mockup, layout_basic,
          ebering_ecumenical_altar_mist
D:2:      layout_basic, basic_altar, uniq_sigmund, uniq_terence, uniq_robin

Skill      XL: |  1 |
---------------+----+-----
Fighting       | 3 |  3.0
Maces & Flails | |  2.7
Throwing       | |  2.0
Dodging        | |  2.6

Action                   || total
-------------------------++-------
Melee: Flail             ||     1
Throw: Stone             ||     4
Armor: Robe              ||     7
Dodge: Dodged            ||    13

Table legend: (Time is in decaauts)
 A = Elapsed time spent in this place.
 B = Non-inter-level travel time spent in this place.
 C = Inter-level travel time spent in this place.
 D = Time resting spent in this place.
 E = Time spent auto-exploring this place.
 F = Levels seen in this place.
 G = Mean time per level.
                   A        B        C        D        E       F      G
               +--------+--------+--------+--------+--------+-----+--------+
         Total |    106 |    106 |      0 |      0 |     64 |   2 |   53.0 |
       Dungeon |    106 |    106 |      0 |      0 |     64 |   2 |   53.0 |
               +--------+--------+--------+--------+--------+-----+--------+

Top non-repeatable levels by time:
     D:1: 94 daAuts
     D:2: 11 daAuts
